 Dungeon Crawl Stone Soup version 0.18.1-48-g4cf74bf (webtiles) character file.

305 Heedrag the Thaumaturge (level 6, -3/32 HPs)
             Began as a Deep Elf Conjurer on July 24, 2016.
             Was an Initiate of Vehumet.
             Slain by Grinder (9 damage)
             ... on level 3 of the Dungeon.
             The game lasted 00:07:57 (2830 turns).

Heedrag the Thaumaturge (Deep Elf Conjurer)         Turns: 2830, Time: 00:07:58

Health: -3/32      AC:  2    Str:  7    XL:     6   Next: 16%
Magic:  12/19      EV: 13    Int: 20    God:    Vehumet [......]
Gold:   187        SH:  6    Dex: 15    Spells: 4 memorised, 9 levels left

rFire  . . .     SeeInvis .     h - +0 dagger
rCold  . . .     Gourm    .     a - +0 robe
rNeg   . . .     Faith    .     (no shield)
rPois  .         Spirit   .     (no helmet)
rElec  .         Dismiss  .     (no cloak)
rCorr  .         Reflect  +     (no gloves)
SustAt .         Harm     .     (no boots)
MR     +....                    g - +6 amulet of reflection
Stlth  ++........               (no ring)
                                j - ring of protection from magic

@: very slightly contaminated, somewhat resistant to hostile enchantments,
unstealthy
A: no striking features
a: Renounce Religion


You were on level 3 of the Dungeon.
You worshipped Vehumet.
Vehumet was noncommittal.
You were hungry.

You visited 1 branch of the dungeon, and saw 4 of its levels.

You collected 187 gold pieces.

Inventory:

Hand Weapons
 h - a +0 dagger (weapon)
Armour
 a - a +0 robe (worn)
Jewellery
 g - a +6 amulet of reflection (around neck)
 j - a ring of protection from magic (left hand)
Wands
 q - a wand of slowing (26/48)
Scrolls
 e - a scroll of remove curse {unknown}
 f - a scroll of random uselessness {unknown}
 i - a scroll of enchant weapon {unknown}
 m - 2 scrolls of identify {unknown}
 n - 3 scrolls of noise {unknown}
 p - 2 scrolls of recharging {unknown}
 v - 2 scrolls of fog {unknown}
 x - a scroll of enchant armour {unknown}
Potions
 d - a potion of agility {unknown}
 o - a potion of haste {unknown}
 r - a potion of resistance {unknown}
 s - a potion of lignification {unknown}
 t - a potion of ambrosia {unknown}
 u - 2 potions of brilliance {unknown}
 w - a potion of flight {unknown}
Books
 b - a book of Conjurations

   Spells                             Type                      Level
   a - Magic Dart                     Conjuration                  1
   b - Searing Ray                    Conjuration                  2
   c - Dazzling Spray                 Conjuration/Hexes            3
   d - Fulminant Prism                Conjuration/Hexes            4
   e - Iskenderun's Mystic Blast      Conjuration                  4
   f - Iskenderun's Battlesphere      Conjuration/Charms           5
Comestibles
 c - 2 bread rations
 k - 4 fruits
 l - a slice of pizza


   Skills:
 - Level 2.4 Dodging
 - Level 2.4 Stealth
 * Level 8.8 Spellcasting
 - Level 4.3 Conjurations


You had 9 spell levels left.
You knew the following spells:

 Your Spells              Type           Power        Failure   Level  Hunger
a - Magic Dart            Conj           ####         1%          1    None
b - Dazzling Spray        Conj/Hex       ###...       12%         3    None
c - Iskenderun's Mystic   Conj           ####....     14%         4    ###....
d - Iskenderun's Battles  Conj/Chrm      ###.....     89%         5    #####..


Dungeon Overview and Level Annotations

Branches:
Dungeon (4/15)
 Temple: D:4-7

Altars:
Gozag
Okawaru
Vehumet

Annotations:
D:3 Grinder
D:4 Eustachio


Message History

Grinder gestures at ye.
Ye resist wit' some effort.
Ye hit Grinder.
Grinder be moderately wounded.
Grinder hits ye.
Ye writha in agony.
Thar be a stone staircase leadin' up 'ere.
Grinder hits ye!
* * * LOW HITPOINT WARNIN'
* * * Ye writha in agony.
* * * LOW HITPOINT WARNIN'
* * * Ye climb upwards.
Thar be a stone staircase leadin' down 'ere.
Unknown command.
Grinder gestures at ye.
Ye resist wit' almost nay effort.
Grinder blinks!
Grinder blinks!
Grinder blinks!
Grinder hits ye!
Ye die...

.##....# #...######............
.##....# #...# #.##.........
..#....# ##### ####.##.........
#.###### #......#########
....#### #......# #
.......###########......#
........................# ##
................[....[..# #.
..............>.@.......# #.
....(............5......# ######.
....................##### #......
....................#######......
........................##.......
....[.....................#......
...................#....#####'###
.......#...#########....'.....#
.......#...# #....#######


You could see Grinder.

Vanquished Creatures
  The ghost of Heedrag the Magician, an amateur DECj (D:3)
  A giant frog skeleton (D:4)
  Jessica (D:2)
  A worker ant (D:4)
  3 adders
  2 worms (D:2)
  5 dart slugs
  A giant gecko (D:3)
  An orc (D:3)
  A ball python (D:3)
  14 bats
  4 giant cockroaches
  7 hobgoblins
  8 jackals
  2 quokkas
  9 goblins
  4 kobolds
  9 rats
74 creatures vanquished.

Notes
Turn   | Place    | Note
--------------------------------------------------------------
     0 | D:1      | Heedrag the Deep Elf Conjurer began the quest for the Orb.
     0 | D:1      | Reached XP level 1. HP: 10/10 MP: 6/6
   229 | D:1      | Reached skill level 4 in Spellcasting
   229 | D:1      | Reached XP level 2. HP: 15/15 MP: 6/9
   873 | D:1      | Reached XP level 3. HP: 19/19 MP: 9/11
   878 | D:1      | Learned a level 3 spell: Dazzling Spray
  1011 | D:2      | Reached skill level 5 in Spellcasting
  1257 | D:2      | Found an opulent altar of Gozag.
  1293 | D:2      | Noticed Jessica
  1296 | D:2      | Killed Jessica
  1296 | D:2      | Reached skill level 6 in Spellcasting
  1296 | D:2      | Reached XP level 4. HP: 24/24 MP: 7/14
  1648 | D:2      | Found an iron altar of Okawaru.
  1741 | D:3      | Learned a level 4 spell: Iskenderun's Mystic Blast
  1767 | D:3      | Noticed Heedrag's ghost (amateur DECj)
  1798 | D:3      | Killed Heedrag's ghost
  1798 | D:3      | Reached skill level 8 in Spellcasting
  1798 | D:3      | Reached XP level 5. HP: 4/28 MP: 3/17
  2042 | D:3      | Learned a level 5 spell: Iskenderun's Battlesphere
  2117 | D:3      | Found a radiant altar of Vehumet.
  2146 | D:3      | Became a worshipper of Vehumet
  2420 | D:4      | Noticed Eustachio
  2613 | D:4      | Reached XP level 6. HP: 32/32 MP: 11/19
  2760 | D:4      | Noticed Grinder
  2830 | D:3      | Slain by Grinder

Skill      XL: |  1  2  3  4 |
---------------+-------------+-----
Spellcasting   | 4 6 8 |  8.8
Dodging        | |  2.4
Stealth        | |  2.4
Conjurations   | |  4.3

Action                   |  1- 3 |  4- 6 || total
-------------------------+-------+-------++-------
Melee: Unarmed           |     8 |       ||     8
       Dagger            |       |     8 ||     8
 Cast: Magic Dart        |    80 |    87 ||   167
       Dazzling Spray    |       |     4 ||     4
  Eat: Chunk             |     1 |     4 ||     5
Armor: Robe              |    10 |     3 ||    13
Dodge: Dodged            |    17 |    19 ||    36
Block: Other             |     1 |     9 ||    10
       Reflection        |     1 |     1 ||     2
